[Event "Early-Titled-Tuesday-Blitz-January-16-2024"]
[Site "Chess.com"]
[Date "2024.01.16"]
[Round "6"]
[White "Bkmzzzzz"]
[Black "DefiantChair"]
[Result "1-0"]
[WhiteElo "2409"]
[BlackElo "2542"]
[TimeControl "180+1"]
[EndTime "9:11:02 PST"]
[Termination "Bkmzzzzz won by resignation"]

1. e4 e5 2. Nf3 Nc6 3. Nc3 Nf6 4. d4 exd4 5. Nxd4 Bb4 6. Nxc6 bxc6 7. Bd3 d5 8. exd5 cxd5 9. O-O O-O 10. Bg5 c6 11. Na4 Rb8 12. c3 Bd6 13. b4 Be5 14. Re1 Qd6 15. h3 h6 16. Be3 Qc7 17. Qf3 Re8 18. a3 a5 19. Bc2 Ne4 20. Bxe4 dxe4 21. Qe2 axb4 22. axb4 f5 23. Qc2 f4 24. Bd4 Bxd4 25. cxd4 Bf5 26. Qc4+ Kh8 27. Nc5 Qd6 28. Ra7 Rf8 29. Nxe4 Qg6 30. f3 Bxh3 31. Re2 Be6 32. Qxc6 Rfc8 33. Rc7 Rxc7 34. Qxc7 Rc8 35. Qd6 Qf5 36.
Nc5 Bc4 37. Re5 Qb1+ 38. Kh2 Qxb4 39. Re7 Rg8 40. Qxf4 Qb2 41. Nd7 Qxd4 42. Qxd4 1-0

[Event "Early-Titled-Tuesday-Blitz-January-16-2024"]
[Site "Chess.com"]
[Date "2024.01.16"]
[Round "6"]
[White "KevinGeorgeMicheal"]
[Black "SanchezKelvin"]
[Result "0-1"]
[WhiteElo "2235"]
[BlackElo "2559"]
[TimeControl "180+1"]
[EndTime "9:11:02 PST"]
[Termination "SanchezKelvin won by resignation"]

1. Nf3 d5 2. g3 Nf6 3. Bg2 c6 4. O-O Bf5 5. d3 e6 6. b3 Nbd7 7. Bb2 Bd6 8. c4 h6 9. Nbd2 O-O 10. a3 e5 11. Nh4 Bh7 12. e4 d4 13. Bh3 a5 14. Bf5 Nc5 15. Bxh7+ Nxh7 16. Qc2 Ne6 17. Qd1 Kh8 18. Qg4 Qg5 19. Qxg5 hxg5 20. Nhf3 g6 21. Ne1 Kg8 22. Kg2 f5 23. f3 Kf7 24. Kf2 Nf6 25.
Nc2 Nc5 26. Ke2 Rh8 27. Rh1 g4 28. b4 Na4 29. Rab1 axb4 30. axb4 Nc3+ 31. Bxc3 dxc3 32. Nf1 Ra2 33. Ne3 f4 34. Ra1 Rxa1 35. Nxa1 gxf3+ 36. Kxf3 fxe3 37. c5 Be7 38. Kxe3 Rxh2 39. Rxh2 Ng4+ 40.
Ke2 Nxh2 41. Kd1 Nf1 42. Kc2 Nxg3 43. Kxc3 Ne2+ 44. Kc4 Nd4 45. Kc3 Ke6 46. Kd2 Bg5+ 47. Ke1 Bc1 48. Kd1 Bb2 49. Nc2 Nxc2 50. Kxc2 Bd4 51.
Kd1 Kf6 52. Ke2 Kg5 53. Kf3 Kh4 54. Kg2 Kg4 55. Kf1 Kf3 56. Ke1 g5 57. b5 g4 58.
bxc6 bxc6 59. Kd1 g3 0-1

[Event "Early-Titled-Tuesday-Blitz-January-16-2024"]
[Site "Chess.com"]
[Date "2024.01.16"]
[Round "6"]
[White "Road2GM3000"]
[Black "pavet"]
[Result "0-1"]
[WhiteElo "2490"]
[BlackElo "2781"]
[TimeControl "180+1"]
[EndTime "9:11:04 PST"]
[Termination "pavet won on time"]

1. d4 Nf6 2. c4 g6 3. Nc3 d5 4.
Bg5 Bg7 5. e3 dxc4 6. Bxc4 O-O 7.
Nf3 c5 8. O-O cxd4 9. Nxd4 a6 10. a4 Nbd7 11. Qe2 Qa5 12. Bh4 Ne5 13. Ba2 Bd7 14. Bg3 Rac8 15. Rfd1 Nc6 16. Nb3 Qb4 17. Nc1 Rfd8 18. Nd3 Qb6 19. Rab1 Bg4 20. f3 Bf5 21. Bf2 Bxd3 22. Rxd3 Nb4 23. Rxd8+ Rxd8 24. e4 Qa5 25. Bc4 Nh5 26. Be3 Bd4 27. Qf2 Bxe3 28.
Qxe3 Qe5 29. g3 e6 30. Kg2 Rd4 31. Bb3 Qd6 32. Re1 Nd3 33. Re2 Nc5 34. Bc2 Ng7 35. h3 h5 36. f4 e5 37. f5 gxf5 38. exf5 h4 39. g4 f6 40. Ne4 Qc6 41. Kh2 Nxe4 42. Bxe4 Qd6 43. Bc2 b5 44. axb5 axb5 45. Bb3+ Kh7 46.
Bf7 Rf4 47. Rd2 Qb4 48. Bg6+ Kh6 49. Qd3 Kg5 50. Qe3 Qc4 0-1

[Event "Early-Titled-Tuesday-Blitz-January-16-2024"]
[Site "Chess.com"]
[Date "2024.01.16"]
[Round "6"]
[White "Chessbard1972"]
[Black "vladgoncharov"]
[Result "0-1"]
[WhiteElo "2402"]
[BlackElo "2582"]
[TimeControl "180+1"]
[EndTime "9:11:04 PST"]
[Termination "vladgoncharov won on time"]

1. d4 Nf6 2. c4 e6 3. Nf3 c5 4.
d5 exd5 5. cxd5 d6 6. Nc3 g6 7. Nd2 Nbd7 8. Nc4 Nb6 9. e4 Nxc4 10. Bxc4 Bg7 11. Bb5+ Bd7 12. Bxd7+ Qxd7 13. a4 O-O 14. O-O Rab8 15. Re1 a6 16. a5 b5 17. axb6 Rxb6 18.
h3 Qb7 19. Bf4 Rd8 20. Na4 Rb4 21. f3 Nh5 22. Bg5 Rb8 23. Qd3 Qb5 24. Qa3 Bd4+ 25. Kh2 Rb3 26. Qa2 Qd3 27. Rad1 Qc2 28. Rd2 Qc4 29.
Qa1 Be5+ 30. Kg1 Ng3 31. Be3 Rxe3 32. Rxe3 Bd4 33. Kf2 f5 34. Kxg3 Bxe3 35. Rd1 Qc2 36. Kh2 fxe4 37. fxe4 Qxe4 38. Nc3 Qf4+ 39. Kh1 Bd4 40.
Rf1 Qg3 41. Rf3 Qg5 42. Ne2 Be5 43. Qxa6 Qd8 44. Qa7 Rxb2 45. Qf7+ Kh8 46. Ng3 Rb1+ 47. Kh2 c4 48. Qe6 c3 49. Rf7 c2 50. Re7 c1=Q 51. Re8+ Kg7 0-1

[Event "Early-Titled-Tuesday-Blitz-January-16-2024"]
[Site "Chess.com"]
[Date "2024.01.16"]
[Round "6"]
[White "Adar_07"]
[Black "Rsnr"]
[Result "0-1"]
[WhiteElo "2670"]
[BlackElo "2870"]
[TimeControl "180+1"]
[EndTime "9:11:05 PST"]
[Termination "Rsnr won by checkmate"]

1. Nf3 d5 2. e3 Nf6 3. c4 c6 4. Nc3 e6 5. b3 Bd6 6. Bb2 O-O 7. g3 e5 8. Bg2 Re8 9. O-O a6 10. Rc1 Bf5 11. d3 Qe7 12. Re1 Nbd7 13. h3 Rad8 14.
Qe2 Bg6 15. Nh4 dxc4 16. Nxg6 hxg6 17. dxc4 Ba3 18. Rcd1 Bxb2 19. Qxb2 Nc5 20. Qc2 a5 21. h4 Rxd1 22. Rxd1 Rd8 23. a3 Rxd1+ 24. Qxd1 Ne6 25. Qc1 Qd6 26. Na4 e4 27. c5 Qd3 28. Qb2 Ng4 29. Bf1 Qd5 30. b4 axb4 31. axb4 Ne5 32. Nc3 Nf3+ 33. Kg2 Qe5 34. Qc1 g5 35. hxg5 Nexg5 36. Be2 Qf5 37. Qh1 Qe5 38. Na4 g6 39. Qh6 Qa1 40.
Bf1 Qxa4 41. Bc4 Qd1 42. Qxg6+ Kf8 43. Qh6+ Ke7 44. Bf1 Qd5 45. Qh8 Qe5 46. Qc8 Kf6 47. Qxb7 Qf5 48. Qxc6+ Kg7 49. Kh1 Qg4 50. Kg2 Qh3# 0-1

[Event "Early-Titled-Tuesday-Blitz-January-16-2024"]
[Site "Chess.com"]
[Date "2024.01.16"]
[Round "6"]
[White "Iball95"]
[Black "NikaVolkov"]
[Result "1-0"]
[WhiteElo "2751"]
[BlackElo "2583"]
[TimeControl "180+1"]
[EndTime "9:11:06 PST"]
[Termination "Iball95 won on time"]

1. e4 c5 2. Nf3 e6 3. Nc3 d5 4. d4 Nf6 5. exd5 exd5 6. Bb5+ Nc6 7. Ne5 Qb6 8. Be3 cxd4 9. Qxd4 Qxd4 10. Bxd4 Bd7 11. Nxd7 Nxd7 12. O-O-O a6 13. Nxd5 axb5 14.
Nc7+ Kd8 15. Nxa8 Nxd4 16. Rxd4 Bc5 17. Rd5 Kc8 18. Rhd1 Rd8 19. b4 Bxf2 20. Rxb5 Re8 21. a4 b6 22. a5 bxa5 23. bxa5 Re6 24. Rd3 Ra6 25. Rc3+ Kd8 26. Nc7 Ra7 27. Nd5 f6 28. Nb4 Ke8 29. Rc8+ Kf7 30. a6 Nb6 31. Rc6 Be3+ 32.
Kb1 Nd7 33. Rb7 Ke7 34. Rcc7 Rxb7 35. axb7 Ba7 36. Nc6+ Kd6 37. Rxd7+ Kxd7 38. Nxa7 Kc7 39. Kb2 g5 40. Kc3 h5 41. Nb5+ Kxb7 42. Kd4 Kc6 43. Nc3 f5 44. Ke5 f4 45. Ne4 h4 46.
Kf5 h3 47. gxh3 f3 48. Kxg5 1-0

[Event "Early-Titled-Tuesday-Blitz-January-16-2024"]
[Site "Chess.com"]
[Date "2024.01.16"]
[Round "6"]
[White "carloseduar100"]
[Black "Happy1712Drummer"]
[Result "0-1"]
[WhiteElo "2265"]
[BlackElo "2481"]
[TimeControl "180+1"]
[EndTime "9:11:06 PST"]
[Termination "Happy1712Drummer won by resignation"]

1. g3 d5 2. Bg2 c6 3. Nf3 g6 4.
d4 Bg7 5. c3 Bg4 6. Nbd2 Nf6 7.
O-O O-O 8. Re1 a5 9. e4 dxe4 10. Nxe4 Nxe4 11. Rxe4 Bf5 12. Re2 a4 13. a3 Nd7 14.
Bf4 Nb6 15. Ne5 Re8 16. Qd2 f6 17. Nd3 e5 18. dxe5 Nc4 19. Qd1 Bxd3 20. Re1 fxe5 21. Bc1 Bf5 22. Qe2 Qd3 23. h3 Qxe2 24. Rxe2 Bd3 25. Re1 e4 26. h4 Kf7 27. Bf1 Ne5 28. Rd1 Rad8 29. Be3 Bxf1 30. Kxf1 Nc4 31. Re1 b5 32.
Rab1 Nxe3+ 33. Rxe3 Rd3 34. Rbe1 Rxe3 35. Rxe3 Bh6 36. Re2 e3 37. fxe3 Rxe3 38. Rf2+ Ke7 39. Kg2 Bg7 40. Rd2 h5 41. Kf2 Bh6 42. Rc2 Re5 43.
c4 Kd7 44. cxb5 cxb5 45. Kf3 Re3+ 46. Kf2 Rb3 47. Kg2 Bg7 48. Rd2+ Ke6 49. Kh3 Be5 50. Re2 Rxg3+ 51. Kh2 Re3+ 0-1

[Event "Early-Titled-Tuesday-Blitz-January-16-2024"]
[Site "Chess.com"]
[Date "2024.01.16"]
[Round "6"]
[White "HPanesso"]
[Black "BilodeauA"]
[Result "1-0"]
[WhiteElo "2660"]
[BlackElo "2902"]
[TimeControl "180+1"]
[EndTime "9:11:08 PST"]
[Termination "HPanesso won by resignation"]

1. e4 e5 2. Nf3 Nc6 3. Bc4 Bc5 4. d3 Nf6 5. c3 d6 6. O-O h6 7. Bb3 Bb6 8. Nbd2 O-O 9. Nc4 Be6 10. Nxb6 axb6 11.
Re1 Re8 12. a3 d5 13. exd5 Bxd5 14. Bc2 Qd7 15. h3 Rad8 16. Be3 b5 17. Nd2 b6 18. Ne4 Qe6 19. Nxf6+ Qxf6 20. Qh5 Ne7 21. a4 bxa4 22. Rxa4 Nf5 23. Ra7 Re7 24. Qg4 Rde8 25. Ba4 Rd8 26. Bc2 g6 27. Rea1 Kh7 28. Kh2 Be6 29. Qe2 Bd5 30.
Qg4 Rde8 31. Ba4 Bc6 32. Bb3 Rd8 33. Bc2 Ng7 34. Rd1 Ne6 35. f3 h5 36. Qg3 Nf4 37. h4 Ne6 38. Rd2 Red7 39. Bg5 Nxg5 40. hxg5 Qf5 41.
d4 Qe6 42. Qh4 Kg7 43. Re2 Rd5 44. Bb3 Bb5 45. Bxd5 Rxd5 46. Rxe5 Rxe5 47. dxe5 Qxe5+ 48. Qg3 Qe2 49. Qxc7 Bc4 50. Qe7 Be6 51. Qf6+ Kh7 52. Ra8 1-0

[Event "Early-Titled-Tuesday-Blitz-January-16-2024"]
[Site "Chess.com"]
[Date "2024.01.16"]
[Round "6"]
[White "Vazabanga"]
[Black "Kostya0705"]
[Result "0-1"]
[WhiteElo "2684"]
[BlackElo "2571"]
[TimeControl "180+1"]
[EndTime "9:11:10 PST"]
[Termination "Kostya0705 won by resignation"]

1. d4 Nf6 2. c4 e6 3. g3 d5 4. Nf3 Bb4+ 5. Bd2 a5 6. Bg2 O-O 7. O-O dxc4 8. Qc2 Bxd2 9. Nbxd2 b5 10. a4 c6 11. b3 cxb3 12. Nxb3 Bb7 13. Nc5 Qb6 14. Ne5 Nd5 15. Ncd7 Nxd7 16. Nxd7 Qxd4 17.
Nxf8 Rxf8 18. axb5 cxb5 19. Rxa5 Qb6 20. Ra2 Nb4 21.
Qb3 Nxa2 22. Qxa2 Bxg2 23. Kxg2 h6 24. Rb1 b4 25. Qc4 Rb8 26. Rb3 Qb5 27. Qxb5 Rxb5 28. Kf3 Kf8 29. Ke4 Ke7 30. Kd4 Rd5+ 31. Ke3 Rb5 32.
Kd4 Kd6 33. Kc4 Re5 34. e3 Rc5+ 35. Kd3 Rf5 36. f4 Kc5 37. e4 Rh5 38. Rb2 Kb5 39. Kd4 Rc5 40. Ra2 Rc7 41. Ra8 Rd7+ 42. Ke3 Kc4 43. Rg8 b3 44. Rc8+ Kb4 45. Rb8+ Kc3 46.
Rc8+ Kb2 47. h4 Ka1 48. Ra8+ Kb1 49. h5 b2 50. Ke2 Rd4 51. e5 Kc2 52. Rc8+ Kb3 0-1

[Event "Early-Titled-Tuesday-Blitz-January-16-2024"]
[Site "Chess.com"]
[Date "2024.01.16"]
[Round "6"]
[White "MIss_MIaMI"]
[Black "CristianS27"]
[Result "0-1"]
[WhiteElo "2414"]
[BlackElo "2604"]
[TimeControl "180+1"]
[EndTime "9:11:10 PST"]
[Termination "CristianS27 won by resignation"]

1. e4 e5 2. Nf3 d5 3. d4 dxe4 4. Nxe5 Nd7 5. Nc4 Nb6 6. Be3 Nf6 7. Nxb6 axb6 8. Be2 Bd6 9. h3 O-O 10. c4 Re8 11.
Nc3 Bf5 12. a3 Bg6 13. Nb5 Bf8 14. O-O c6 15. Nc3 Bd6 16. b4 Bc7 17. c5 bxc5 18.
bxc5 Nd5 19. Nxd5 Qxd5 20. Qb1 Re7 21. Rc1 Kh8 22. Bc4 Qh5 23. Kf1 Ba5 24. Qb3 Bf5 25.
Be2 Qg6 26. Bf4 h5 27. Bd6 Rd7 28. Qd1 h4 29. Bh5 Qh6 30. Bg4 Qg5 31. Bxf5 Qxf5 32. Qg4 Qxg4 33. hxg4 e3 34. fxe3 Bd2 35. Rc4 Bxe3 36.
Ke2 Bg5 37. Kf2 b5 38. Rc3 Bf6 39. Rd3 Ra4 40. Rad1 Rda7 41. Re1 Rxa3 42. Rxa3 Rxa3 43. Re8+ Kh7 44. Rc8 Bxd4+ 45. Ke2 b4 46. Rxc6 b3 47. Rb6 b2 48. Rb4 Ra1 49. Rxb2 Bxb2 50. c6 Rc1 51. c7 f6 52. Kd3 Be5 53. Bxe5 fxe5 54. Ke4 Rxc7 55.
Kxe5 Rf7 56. Ke4 Rf2 57. Ke3 Rxg2 58. Kf3 Rg3+ 59. Kf4 Kg6 0-1

[Event "Early-Titled-Tuesday-Blitz-January-16-2024"]
[Site "Chess.com"]
[Date "2024.01.16"]
[Round "6"]
[White "Bauman_Guy"]
[Black "Franmu14"]
[Result "1-0"]
[WhiteElo "2923"]
[BlackElo "2697"]
[TimeControl "180+1"]
[EndTime "9:11:12 PST"]
[Termination "Bauman_Guy won by resignation"]

1. e4 e5 2. Nf3 Nc6 3. Bb5 a6 4.
Ba4 Nge7 5. Nc3 Ng6 6. h4 d6 7. h5 Nf4 8. g3 Ne6 9. d3 Bd7 10.
h6 g6 11. Nd5 Be7 12. Nxe7 Nxe7 13. Bb3 O-O 14. Be3 Kh8 15. d4 f6 16. Qd2 exd4 17. Nxd4 Nc5 18. f3 Nc6 19. Nxc6 Bxc6 20. Qc3 Qe7 21.
O-O-O a5 22. Bd5 Bxd5 23. Rxd5 b6 24. g4 Ne6 25. Kb1 Kg8 26. Rhd1 Rae8 27. Qc4 Rf7 28.
f4 Nf8 29. e5 fxe5 30. fxe5 dxe5 31. a3 Qe6 32. Qe2 Rd7 33. Rxd7 Nxd7 34. g5 e4 35. Qd2 Re7 36. Qc3 Qe5 37. Rxd7 Qxc3 38. Rd8+ Kf7 39. bxc3 Ke6 40. Rf8 Rf7 41. Rxf7 Kxf7 42.
c4 Ke6 43. Kb2 c5 44. Kc3 Kd6 45. Bf4+ Kd7 46. Kd2 Ke6 47. Ke2 Kf5 48. Bc7 Kxg5 49. Bxb6 Kxh6 50. Bxa5 Kg5 51. Bd2+ Kf5 52. a4 Ke6 53.
Ke3 g5 54. Kxe4 g4 55. Be1 h5 56. Kf4 Kd6 57. Kg5 Kc6 58. Kxh5 Kb6 59. Kxg4 1-0

[Event "Early-Titled-Tuesday-Blitz-January-16-2024"]
[Site "Chess.com"]
[Date "2024.01.16"]
[Round "6"]
[White "Langua_Chess"]
[Black "MasterofMasters2006"]
[Result "0-1"]
[WhiteElo "2443"]
[BlackElo "2253"]
[TimeControl "180+1"]
[EndTime "9:11:12 PST"]
[Termination "MasterofMasters2006 won on time"]

1. e4 e5 2. Nf3 Nc6 3. Bb5 a6 4. Bxc6 dxc6 5. O-O f6 6. d4 exd4 7. Qxd4 Qxd4 8. Nxd4 Bd7 9. Nc3 O-O-O 10. Be3 Bd6 11. f4 Nh6 12. h3 Rhe8 13. Rfe1 Re7 14. Kf2 Bb4 15. Kf3 Rde8 16. Bd2 Nf7 17. Re2 Nd6 18. Rae1 c5 19. Nb3 Bc6 20. Kg4 Bxc3 21. Bxc3 Nxe4 22. Nxc5 Nf2+ 23. Rxf2 Rxe1 24. Bxe1 Rxe1 25. Nd3 Rg1 26. Kg3 b6 27. Re2 Bb5 28. Re7 Bc6 29. Re2 Bb5 30.
Kf2 Bxd3 31. cxd3 Rd1 32. Re7 Rxd3 33. Rxg7 Rd2+ 34. Kf3 Rxb2 35. Rxh7 Rxa2 36. g4 Ra3+ 37. Ke4 b5 38. g5 fxg5 39. fxg5 b4 40. g6 Rg3 41.
Kf5 b3 42. Rh4 a5 43. Re4 b2 44. Re1 a4 45. h4 a3 46. h5 a2 47. h6 b1=Q+ 48. Rxb1 axb1=Q+ 0-1

[Event "Early-Titled-Tuesday-Blitz-January-16-2024"]
[Site "Chess.com"]
[Date "2024.01.16"]
[Round "6"]
[White "Kostukov_Alex"]
[Black "SmirnovTimofey2000"]
[Result "1-0"]
[WhiteElo "2313"]
[BlackElo "1995"]
[TimeControl "180+1"]
[EndTime "9:11:12 PST"]
[Termination "Kostukov_Alex won on time"]

1. g3 d5 2. Bg2 Nf6 3. d3 Bf5 4.
Nc3 e6 5. e4 dxe4 6. Nxe4 Nxe4 7. dxe4 Qxd1+ 8. Kxd1 Bg6 9. f3 Nc6 10. c3 O-O-O+ 11. Ke2 f5 12. Bg5 Rd7 13. Bh3 h6 14.
Be3 Be7 15. f4 Bh5+ 16. Kf2 g5 17. exf5 g4 18. Bg2 exf5 19. Bxc6 bxc6 20. Ne2 c5 21. Rhd1 Rhd8 22. Rxd7 Rxd7 23. a4 Bf7 24. a5 Bc4 25. h3 h5 26. hxg4 hxg4 27. Rh1 Bd6 28. Rh5 Bd3 29. Nc1 Be4 30. Nb3 c4 31. Nd4 Bc5 32. Ke2 Bxd4 33. Bxd4 Bd3+ 34. Kd2 Kb7 35. Rh6 Re7 36. a6+ Kc8 37. Rh8+ Kd7 38. Bxa7 Re2+ 39.
Kd1 Rxb2 40. Bd4 Rb1+ 41. Kd2 Rb2+ 42. Ke1 Re2+ 43. Kd1 Rg2 44. a7 Rg1+ 45. Kd2 Rg2+ 46. Kc1 1-0

[Event "Early-Titled-Tuesday-Blitz-January-16-2024"]
[Site "Chess.com"]
[Date "2024.01.16"]
[Round "6"]
[White "TrahtarBelarus"]
[Black "Jospem"]
[Result "0-1"]
[WhiteElo "2902"]
[BlackElo "3085"]
[TimeControl "180+1"]
[EndTime "9:11:14 PST"]
[Termination "Jospem won on time"]

1. a3 d5 2. Nf3 Bf5 3. g3 Nf6 4. Bg2 e6 5. O-O Be7 6. d3 O-O 7. Nc3 h6 8. e4 Bh7 9. Nd2 c6 10. e5 Nfd7 11. f4 c5 12. Nf3 Nc6 13. Ne2 Qc7 14.
g4 f6 15. f5 fxe5 16. fxe6 Nb6 17. Ng3 Qd6 18. g5 hxg5 19. Nxg5 Bxg5 20. Bxg5 Rxf1+ 21. Qxf1 Qxe6 22. Re1 Rf8 23. Qe2 e4 24. dxe4 Nd4 25. Qh5 Nc4 26. c3 Nc6 27. Rf1 Rxf1+ 28. Bxf1 Bxe4 29.
Bh3 Qg6 30. Qg4 N4e5 31. Qc8+ Kh7 32. Nxe4 dxe4 33. Bf5 Nf3+ 34. Kh1 Nxg5 35. Bxg6+ Kxg6 36. Qe8+ Kf5 37. h4 Ne6 38. Qh5+ Kf6 39. Kg1 Ne5 40. Qh7 g6 41. h5 Nf4 42. hxg6 Nexg6 43. Qxb7 e3 44.
Kf1 e2+ 45. Ke1 Ne5 46. Qa6+ Kf5 47. Qc8+ Ke4 48. Qb7+ Ke3 0-1

[Event "Early-Titled-Tuesday-Blitz-January-16-2024"]
[Site "Chess.com"]
[Date "2024.01.16"]
[Round "6"]
[White "LimeInTheCoconut"]
[Black "KNVB"]
[Result "0-1"]
[WhiteElo "2547"]
[BlackElo "2686"]
[TimeControl "180+1"]
[EndTime "9:11:14 PST"]
[Termination "KNVB won on time"]

1. e4 b6 2. d4 Bb7 3. Bd3 e6 4. Nf3 d5 5. exd5 Qxd5 6. Bf4 Bd6 7. Bxd6 Qxd6 8. Nbd2 Nf6 9. Qe2 Nbd7 10. O-O-O O-O-O 11. Ne4 Bxe4 12. Bxe4 Qf4+ 13. Nd2 Nxe4 14. Qxe4 Qxe4 15.
Nxe4 Nf6 16. Rhe1 Nxe4 17. Rxe4 Rd5 18. c4 Rh5 19. h3 Rd8 20. Kc2 Rg5 21. g3 h5 22. h4 Rf5 23. Re2 Kd7 24. Rd3 Ke7 25. Kc3 Kf6 26. b4 c6 27. a4 Rd7 28. Rde3 Ke7 29.
f4 g6 30. Re5 Kd6 31. b5 Rc7 32. Rxf5 gxf5 33. Re5 c5 34. d5 Re7 35. Kd3 Re8 36. Ke3 a6 37. Kd3 Rg8 38. dxe6 Rxg3+ 39. Re3 Rxe3+ 40.
Kxe3 fxe6 41. Kd3 axb5 42. axb5 e5 43. Ke3 Ke6 44. Kf3 exf4 45. Kxf4 Kf6 46. Kf3 Ke5 47. Ke3 f4+ 48. Kf3 Kf5 0-1

[Event "Early-Titled-Tuesday-Blitz-January-16-2024"]
[Site "Chess.com"]
[Date "2024.01.16"]
[Round "6"]
[White "FMCarmona"]
[Black "UnTucopalaTimba"]
[Result "1-0"]
[WhiteElo "2177"]
[BlackElo "2003"]
[TimeControl "180+1"]
[EndTime "9:11:14 PST"]
[Termination "FMCarmona won on time"]

1. e4 c6 2. d4 d5 3. Nc3 dxe4 4. Nxe4 Bf5 5. Ng3 Bg6 6. Nf3 Nd7 7. h4 h6 8. h5 Bh7 9. Bd3 Bxd3 10. Qxd3 e6 11. Bd2 Ngf6 12. O-O-O Be7 13. Ne4 Rc8 14.
Kb1 Nxe4 15. Qxe4 Nf6 16. Qe2 O-O 17. Ne5 Qd5 18. f3 c5 19. dxc5 Qxc5 20. Bc1 Bd6 21.
Nd3 Qb5 22. g4 Nd5 23. Ka1 Be7 24. g5 hxg5 25. h6 g6 26. h7+ Kh8 27. Qg2 Nf4 28.
Nxf4 gxf4 29. Bxf4 Bf6 30. Bc1 Qc5 31. c3 Qf5 32.
Qe2 Rc5 33. Be3 Re5 34. Qf2 Ra5 35. Bd4 e5 36. Bc5 Rc8 37. Bb4 Ra6 38. Qe3 Re8 39.
Rhe1 Rae6 40. Qe2 b6 41. Qb5 a5 42. Ba3 Qxf3 43. Qd7 Qa8 44. Qxf7 Bg7 45. Qxg6 Rxg6 46.
Rxe5 1-0

[Event "Early-Titled-Tuesday-Blitz-January-16-2024"]
[Site "Chess.com"]
[Date "2024.01.16"]
[Round "6"]
[White "Doublekk14"]
[Black "AradNazari"]
[Result "0-1"]
[WhiteElo "2265"]
[BlackElo "2640"]
[TimeControl "180+1"]
[EndTime "9:11:15 PST"]
[Termination "AradNazari won on time"]

1. c4 g5 2. Nc3 Bg7 3. e3 e6 4. d4 c5 5. Nf3 g4 6. Ne5 d6 7.
Qxg4 Bf6 8. Nf3 Nc6 9. Qe4 Nge7 10. dxc5 Qa5 11. Bd2 Qxc5 12. Be2 e5 13. Nd5 Nxd5 14. Qxd5 Bf5 15. Bc3 Qxd5 16. cxd5 Ne7 17. Rd1 Be4 18. Bb5+ Kd8 19. Bc4 Rc8 20. Bb3 Rg8 21. Kf1 b5 22. Bb4 Kd7 23. Rg1 Rg4 24. a3 Rcg8 25. Ne1 Rh4 26.
h3 Rc8 27. Nf3 Bxf3 28. gxf3 Rxh3 29. Ke2 h5 30. Rh1 Rxh1 31. Rxh1 h4 32. e4 Ng6 33.
Bd2 Ke7 34. Kf1 a5 35. Kg2 a4 36. Bd1 Nf4+ 37. Bxf4 exf4 38. Be2 Rc5 39. Bd3 Bxb2 40. Rxh4 Bxa3 41. Rxf4 Bc1 42. Bb1 Bxf4 0-1

[Event "Early-Titled-Tuesday-Blitz-January-16-2024"]
[Site "Chess.com"]
[Date "2024.01.16"]
[Round "6"]
[White "Anton_Demchenko"]
[Black "GMSrinath"]
[Result "1-0"]
[WhiteElo "2982"]
[BlackElo "2830"]
[TimeControl "180+1"]
[EndTime "9:11:16 PST"]
[Termination "Anton_Demchenko won by resignation"]

1. e4 c5 2. Nc3 Nc6 3. Bb5 Nd4 4.
a4 e6 5. d3 a6 6. Bc4 b6 7.
Nf3 Nxf3+ 8. Qxf3 Bb7 9. O-O Nf6 10. Qg3 d6 11. Bb3 Qc7 12. f4 O-O-O 13. f5 Re8 14. Bg5 Kb8 15. fxe6 fxe6 16. Rxf6 gxf6 17. Bxf6 Bh6 18. Bxh8 Rxh8 19. Bxe6 Bg7 20. Rf1 Be5 21. Qh4 Qg7 22. Rf7 Rf8 23. Rxf8+ Qxf8 24. Bf5 h6 25. Qg4 Qf6 26. Nd5 Bxd5 27. exd5 Bd4+ 28. Kf1 Bxb2 29. Qg8+ Ka7 30. Qe6 b5 31. axb5 axb5 32. c4 Kb6 33. Qxf6 Bxf6 34. cxb5 Kxb5 35. Bc8 c4 36. dxc4+ Kxc4 37. Bb7 h5 38. Kf2 h4 39. Kf3 Be5 40. Kg4 Bxh2 41. Kxh4 Kd4 42. g4 Ke5 43. g5 Kf5 44. Kh5 Be5 45. Bc8+ Ke4 46. Be6 Bg7 47. Kg6 Be5 48. Kf7 1-0

[Event "Early-Titled-Tuesday-Blitz-January-16-2024"]
[Site "Chess.com"]
[Date "2024.01.16"]
[Round "6"]
[White "TrompeterImEther"]
[Black "quvnoq_muxlis"]
[Result "0-1"]
[WhiteElo "2497"]
[BlackElo "2671"]
[TimeControl "180+1"]
[EndTime "9:11:18 PST"]
[Termination "quvnoq_muxlis won by resignation"]

1. e4 c5 2. Nf3 Nc6 3. Bb5 Nf6 4. Bxc6 dxc6 5. d3 Bg4 6. Nbd2 e6 7. h3 Bh5 8. Nf1 Nd7 9. g4 Bg6 10. Ng3 Bd6 11. Ne2 f6 12. Be3 Qe7 13. Qd2 h5 14.
O-O-O O-O-O 15. Kb1 hxg4 16. hxg4 e5 17. Ng3 Rxh1 18.
Rxh1 Qe6 19. Nf5 Bf8 20. Rh8 Bf7 21. b3 g6 22. Ng3 Qxg4 23. Nh2 Qe6 24. Qa5 a6 25.
Nhf1 Be7 26. Rh7 Bg8 27. Rh6 Bf8 28. Rh2 f5 29. f4 Bd6 30. Rf2 exf4 31. Bxf4 Bxf4 32.
Rxf4 Qe5 33. Qd2 Nf6 34. exf5 Nd5 35. Rc4 gxf5 36. Rxc5 Bh7 37. Ne2 Re8 38. Nc1 f4 39. d4 Qe1 40. Qg2 Qe4 41. Qd2 Ne3 42. Nh2 Nd5 43. Nf1 Bf5 44. Nd3 f3 45. Ne5 Qe2 46. Qc1 f2 47. Ng3 Qe1 48. Nxf5 Qxc1+ 49. Kxc1 f1=Q+ 50.
Kb2 Qxf5 0-1

[Event "Early-Titled-Tuesday-Blitz-January-16-2024"]
[Site "Chess.com"]
[Date "2024.01.16"]
[Round "6"]
[White "ural58"]
[Black "yonaltimur"]
[Result "1/2-1/2"]
[WhiteElo "2488"]
[BlackElo "2310"]
[TimeControl "180+1"]
[EndTime "9:11:18 PST"]
[Termination "Game drawn by repetition"]

1. e4 c5 2. b3 d6 3. Bb2 Nc6 4.
Bb5 Bd7 5. Ne2 e6 6. O-O Nf6 7. d3 Be7 8. Nd2 O-O 9. f4 a6 10. Bxc6 Bxc6 11. Ng3 b5 12. Nh5 Nxh5 13. Qxh5 Bf6 14.
e5 dxe5 15. fxe5 Bg5 16. Nf3 Be3+ 17. Kh1 Bxf3 18. Rxf3 Bd4 19. Bxd4 Qxd4 20. Re1 c4 21. dxc4 bxc4 22. h3 Qd2 23. Ref1 Qxc2 24. Rxf7 Qxa2 25. bxc4 Qxc4 26. Rxf8+ Rxf8 27. Rxf8+ Kxf8 28. Qxh7 Qc1+ 29. Kh2 Qf4+ 30. Kh1 Qxe5 31. Qh8+ Kf7 32. Qa8 a5 33. Qf3+ Qf5 34. Qb7+ Kg8 35. Qa8+ Kh7 36. Qe8 Qe5 37. Qa4 Qe1+ 38. Kh2 Qb4 39. Qc2+ Kg8 40. Qc8+ Kf7 41. Qd7+ Qe7 42. Qa4 Qd6+ 43. Kh1 Qe5 44. Qd7+ Kg6 45. Qe8+ Kh7 46. Qa4 Qe1+ 47. Kh2 e5 48. Qg4 Qe3 49. Qh5+ Kg8 50. Qe8+ Kh7 51. Qh5+ Kg8 52. Qe8+ Kh7 53. Qh5+ 1/2-1/2

[Event "Early-Titled-Tuesday-Blitz-January-16-2024"]
[Site "Chess.com"]
[Date "2024.01.16"]
[Round "6"]
[White "baki83"]
[Black "shimastream"]
[Result "0-1"]
[WhiteElo "2871"]
[BlackElo "3022"]
[TimeControl "180+1"]
[EndTime "9:11:20 PST"]
[Termination "shimastream won by resignation"]

1. e4 e6 2. d4 d5 3. Nd2 b6 4.
exd5 Qxd5 5. Ngf3 Nf6 6. Bc4 Qd8 7. Qe2 Bb7 8. O-O Be7 9. c3 O-O 10. Ne5 Nd5 11. Ndf3 Nd7 12. Rd1 N7f6 13. Bb3 Nd7 14. c4 N5f6 15. Bf4 Qc8 16. Rac1 Nxe5 17. dxe5 Nd7 18.
Bc2 Rd8 19. Ng5 Nf8 20. Qh5 Bxg5 21. Bxg5 Rxd1+ 22. Rxd1 Qe8 23. b3 Qc6 24. Qh3 Ng6 25. Be3 Qe8 26. Bxg6 fxg6 27. Qh4 h6 28. f3 g5 29. Qd4 Bc6 30. h3 Qg6 31. Qd3 Qf7 32. a4 Rf8 33. Qc2 Qe7 34. Rd3 h5 35. Qd2 g4 36. fxg4 hxg4 37. hxg4 Qh4 38. Bg5 Qxg4 39. Rd8 Rxd8 40. Bxd8 Qe4 41. Bxc7 Qb1+ 42. Kh2 Kh7 43.
b4 Qe4 44. c5 bxc5 45. b5 Bd5 46. a5 c4 47. b6 axb6 48. axb6 c3 49. Qf2 c2 50. b7 Bxb7 51. Qxc2 Qxc2 0-1

[Event "Early-Titled-Tuesday-Blitz-January-16-2024"]
[Site "Chess.com"]
[Date "2024.01.16"]
[Round "6"]
[White "Vesper2018"]
[Black "Alexchess1984"]
[Result "1-0"]
[WhiteElo "2566"]
[BlackElo "2674"]
[TimeControl "180+1"]
[EndTime "9:11:20 PST"]
[Termination "Vesper2018 won by resignation"]

1. e4 d5 2. exd5 Qxd5 3. Nc3 Qa5 4. d4 Nf6 5. Nf3 Bf5 6. Bc4 e6 7. O-O c6 8. Qe2 Be7 9. Ne5 Nbd7 10. g4 Nxe5 11.
dxe5 Nxg4 12. Bf4 g5 13. Bg3 h5 14. h3 Nh6 15. Qxh5 Bg6 16. Qe2 Nf5 17. Kg2 Nxg3 18.
fxg3 O-O-O 19. Bd3 Bxd3 20. cxd3 Rhf8 21. a3 Qc5 22.
Rac1 Qd4 23. Rf3 g4 24. hxg4 Bg5 25. Rc2 Qxg4 26. Qe4 Qxe4 27. Nxe4 Be7 28. Rcf2 Kd7 29. Rxf7 Rxf7 30. Rxf7 Ke8 31. Rf3 Rd5 32. Nf6+ Bxf6 33. exf6 Kf7 34. g4 Rb5 35. b4 a5 36.
bxa5 Rxa5 37. Kg3 Rxa3 38. g5 Ra8 39. Kg4 Rd8 40. Rh3 Rd4+ 41. Kh5 Rf4 42. Kh6 Rg4 43. Rh5 Rg1 44. Kh7 b5 45. Kh8 Rf1 46. Rh7+ Kg6 47. Rg7+ Kh5 48. f7 b4 49. Kg8 b3 50. f8=Q Rxf8+ 51. Kxf8 e5 52. Rb7 Kxg5 53. Rxb3 Kf4 54. Ke7 Ke3 55.
Kd6 Kd4 56. Kxc6 1-0